 Dungeon Crawl Stone Soup version 0.14.1-1-g650416f (webtiles) character file.

3563 Heema the Basher (level 9, -1/127 HPs)
             Began as a Minotaur Berserker on May 12, 2014.
             Was an Elder of Trog.
             Slain by a freezing wraith (10 damage)
             ... on Level 1 of the Abyss.
             The game lasted 00:26:26 (7035 turns).

Heema the Basher (Minotaur Berserker)               Turns: 7035, Time: 00:26:26

HP  -1/127       AC 10     Str 28      XL: 9   Next: 60%
MP   4/4         EV  9     Int  4      God: Trog [****..]
Gold 458         SH  0     Dex 12      Spells:  0 memorised,  8 levels left

rFire  . . .     SeeInvis +     a - +0,+1 mace
rCold  . . .     Clarity  .     z - +0 scale mail
rNeg   . . .     Conserve +     (no shield)
rPois  +         rCorr    .     (helmet restricted)
rElec  .         rRot     .     h - +2 cloak
SustAb . .       Spirit   .     (no gloves)
rMut   .         Warding  .     B - +0 pair of boots
Saprov . . .     Stasis   .     y - amulet of conservation
MR     .....                    E - ring of poison resistance
                                k - ring of see invisible

@: berserking (expiring), slowed, not resistant to hostile enchantments,
extremely unstealthy
A: retaliatory headbutt, horns 2
a: Burn Spellbooks, Berserk, Trog's Hand, Brothers in Arms, Renounce Religion


You were on level 1 of the Abyss.
You worshipped Trog.
Trog was greatly pleased with you.
You were very hungry.

You visited 1 branch of the dungeon, and saw 8 of its levels.
You visited the Abyss 1 time.

You collected 458 gold pieces.

Inventory:

Hand weapons
 a - a +0,+1 mace (weapon)
Armour
 h - a +2 cloak (worn)
 z - a +0 scale mail (worn)
 B - a +0 pair of boots (worn)
 D - the +1 pair of boots "Thraeniusk" {Dex-4 Dam+3}
   (You found it on level 5 of the Dungeon)

   It affects your dexterity (-4).
   It affects your damage with ranged weapons and melee attacks (+3).
Magical devices
 A - a wand of fire (5)
Comestibles
 c - 9 bread rations
 j - 6 meat rations
 p - 2 sausages
 s - 11 cheeses
 H - 2 beef jerkies
 K - 12 grapes
Scrolls
 e - a scroll of enchant weapon II
 i - a scroll of amnesia {unknown}
 m - 4 scrolls of blinking
 n - 3 scrolls of remove curse
 q - a scroll of magic mapping {unknown}
 t - a scroll of teleportation {unknown}
 u - a scroll of identify
 v - 3 scrolls of enchant weapon I {unknown}
 w - a scroll of enchant armour {unknown}
 J - a scroll of fear {unknown}
Jewellery
 k - a ring of see invisible (left hand)
 y - an amulet of conservation (around neck)
 E - a ring of poison resistance (right hand)
 F - a +3 ring of protection {unknown}
 I - an uncursed ring of regeneration {unknown}
Potions
 b - a potion of confusion {unknown}
 d - 2 potions of flight {unknown}
 f - 3 potions of magic
 g - 2 potions of resistance {unknown}
 l - 2 potions of heal wounds
 o - 3 potions of poison {unknown}
 r - 6 potions of curing
 x - 3 potions of brilliance {unknown}
 C - 2 potions of restore abilities {unknown}
 G - a potion of lignification {unknown}


   Skills:
 + Level 9.8 Fighting
 + Level 13.2 Maces & Flails
 - Level 2.4 Armour
 - Level 2.1 Dodging
 - Level 0.8 Stealth


You had 8 spell levels left.
You didn't know any spells.

Dungeon Overview and Level Annotations

Branches:
Dungeon (8/15)             Temple (0/1) D:6            Lair (0/8) D:8

Altars:
Cheibriados
Dithmenos
Fedhas
Okawaru
Zin
The Shining One

Shops:
D:4 (

Annotations:
D:8 Erolcha


Innate Abilities, Weirdness & Mutations

You reflexively headbutt those who attack you in melee.
You have a pair of horns on your head.


Message History

You feel a strong urge to attack something.
The freezing wraith hits you!
* * * LOW HITPOINT WARNING * * *
The freezing wraith freezes you!
* * * LOW HITPOINT WARNING * * *
The freezing wraith closely misses you.
You sock the freezing wraith!
The freezing wraith is moderately damaged.
The freezing wraith hits you but does no damage.
The freezing wraith hits you!
* * * LOW HITPOINT WARNING * * *
The freezing wraith drains your vigor!
You feel yourself slow down.
* * * LOW HITPOINT WARNING * * *
Your scale mail prevents you from hitting the freezing wraith.
The freezing wraith is moderately damaged.
Your scale mail prevents you from hitting the freezing wraith.
You headbutt the freezing wraith!
The freezing wraith is severely damaged.
The freezing wraith hits you!
You die...

#......#. ..# .
#.#..... ..##. .#
#........ . #.
#...###### #.##=..#
#. ##......#
#..........#
####......W########
..........@........
.........########
###......._....#
#........#...#
#####..... ..#
#....#. ...
#....... ...
#........ .
#......#.#


You could see a freezing wraith.

Vanquished Creatures
  A large abomination (Abyss:1)
  Prince Ribbit (D:6)
  A two-headed ogre (D:8)
  A human (D:7)
  A yak (D:7)
  A water moccasin (D:6)
  3 ice beasts
  6 ogres
  3 giant frogs
  A goliath beetle (D:6)
  A quasit (Abyss:1)
  2 orc priests
  3 hounds
  A giant frog skeleton (D:4)
  A jelly (D:5)
  4 orc wizards
  An iguana (D:4)
  2 worker ants
  3 sheep (D:7)
  Ijyb (D:5)
  7 gnolls
  13 adders
  3 worms
  2 orc skeletons
  4 giant geckos
  7 orcs
  5 ball pythons
  7 giant cockroaches
  10 goblins
  9 hobgoblins
  12 kobolds
  2 quokkas
  5 bats
  3 giant newts
  A giant newt skeleton (D:4)
  A hobgoblin skeleton (D:6)
  4 jackals (D:3)
  25 rats
  3 fungi (D:8)
161 creatures vanquished.

Vanquished Creatures (others)
  A gnoll (D:6)
1 creature vanquished.

Grand Total: 162 creatures vanquished

Notes
Turn   | Place    | Note
--------------------------------------------------------------
     0 | D:1      | Heema, the Minotaur Berserker, began the quest for the Orb.
     0 | D:1      | Reached XP level 1. HP: 19/19 MP: 1/1
   130 | D:1      | Reached skill level 4 in Maces & Flails
   285 | D:1      | Reached XP level 2. HP: 23/26 MP: 1/1
   646 | D:2      | Reached skill level 5 in Maces & Flails
   646 | D:2      | Reached XP level 3. HP: 31/31 MP: 2/2
  1010 | D:2      | Acquired Trog's second power
  1416 | D:3      | Reached XP level 4. HP: 31/39 MP: 2/2
  1544 | D:3      | Reached skill level 6 in Maces & Flails
  1833 | D:3      | Reached XP level 5. HP: 41/45 MP: 2/2
  1975 | D:3      | Found a glowing golden altar of the Shining One.
  2207 | D:4      | Found an iron altar of Okawaru.
  2217 | D:4      | Reached skill level 7 in Maces & Flails
  2412 | D:4      | Acquired Trog's third power
  2441 | D:4      | Reached skill level 8 in Maces & Flails
  2441 | D:4      | Reached XP level 6. HP: 35/51 MP: 3/3
  2611 | D:4      | Noticed an ogre
  2616 | D:4      | Killed an ogre
  3169 | D:4      | Found Cixec's Weapon Boutique.
  3228 | D:4      | Reached skill level 9 in Maces & Flails
  3303 | D:4      | Noticed an ogre
  3307 | D:4      | Killed an ogre
  3307 | D:4      | Reached XP level 7. HP: 54/57 MP: 3/3
  3343 | D:4      | Found a shadowy altar of Dithmenos.
  3407 | D:4      | Found a blossoming altar of Fedhas.
  3626 | D:5      | Entered Level 5 of the Dungeon
  3689 | D:5      | Got a pair of ichor-stained boots
  3693 | D:5      | Identified the +1 pair of boots "Thraeniusk" {Dex-4 Dam+3} (You found it on level 5 of the Dungeon)
  4047 | D:5      | Reached skill level 10 in Maces & Flails
  4073 | D:5      | Noticed Ijyb
  4084 | D:5      | Killed Ijyb
  4133 | D:5      | Found a glowing silver altar of Zin.
  4246 | D:6      | Found a staircase to the Ecumenical Temple.
  4871 | D:6      | Found a snail-covered altar of Cheibriados.
  4903 | D:6      | Noticed Prince Ribbit
  4921 | D:6      | Killed Prince Ribbit
  4921 | D:6      | Reached skill level 5 in Fighting
  4921 | D:6      | Reached XP level 8. HP: 45/69 MP: 3/3
  5040 | D:6      | Reached skill level 11 in Maces & Flails
  6193 | D:7      | Reached skill level 12 in Maces & Flails
  6199 | D:7      | Reached XP level 9. HP: 73/81 MP: 4/4
  6564 | D:8      | Found a staircase to the Lair.
  6891 | D:8      | Noticed Erolcha
  6891 | D:8      | Cast into the Abyss (Erolcha)
  6970 | Abyss:1  | Noticed a wretched star
  6989 | Abyss:1  | Noticed a large abomination
  6997 | Abyss:1  | Noticed a large abomination
  6998 | Abyss:1  | Noticed a sixfirhy
  7005 | Abyss:1  | Noticed a sun demon
  7030 | Abyss:1  | Killed a large abomination
  7030 | Abyss:1  | Reached skill level 13 in Maces & Flails
  7035 | Abyss:1  | Slain by a freezing wraith

Action                   |  1- 3 |  4- 6 |  7- 9 || total
-------------------------+-------+-------+-------++-------
Melee: Mace              |    81 |   146 |   237 ||   464
Invok: Trog's Hand       |       |     1 |     1 ||     2
       Berserk           |       |       |     4 ||     4
       Burn Spellbooks   |       |       |     2 ||     2
  Use: Scroll            |       |     5 |     3 ||     8
